 Dungeon Crawl Stone Soup version 0.28-a0-2-g643f2454ad (webtiles) character file.

Game seed: 3282859161728394415

23 angelsbits the Skirmisher (level 2, -2/24 HPs)
             Began as a Demonspawn Berserker on July 22, 2021.
             Was a Follower of Trog.
             Slain by an adder (3 damage)
             ... on level 2 of the Dungeon.
             The game lasted 00:03:09 (1955 turns).

angelsbits the Skirmisher (Demonspawn Berserker)    Turns: 1955, Time: 00:03:09

Health: -2/24      AC:  2    Str: 17    XL:     2   Next: 72%
Magic:  2/2        EV: 12    Int:  8    God:    Trog [*.....]
Gold:   41         SH:  0    Dex: 12    Spells: 1/1 levels left

rFire   . . .      SeeInvis .   l - +0 short sword (speed)
rCold   . . .      Faith    .   (no shield)
rNeg    . . .      Spirit   .   b - +0 animal skin
rPois   .          Reflect  .   (helmet restricted)
rElec   .          Harm     .   (no cloak)
rCorr   .          Rampage  .   (no gloves)
Will    .....                   (no boots)
Stlth   +.........              (no amulet)
HPRegen 0.08/turn               (no ring)
MPRegen 0.08/turn               (no ring)

@: no status effects
A: antennae 1
a: Renounce Religion, Berserk


You were on level 2 of the Dungeon.
You worshipped Trog.
Trog was aware of your devotion.
You visited 1 branch of the dungeon, and saw 2 of its levels.

You collected 41 gold pieces.

Inventory:

Hand Weapons
 a - a +0 hand axe
 f - a +0 short sword {l}
 g - a +0 falchion
 l - a +0 short sword of speed (weapon)
 m - a +0 dagger
Missiles
 c - 89 stones (quivered)
 j - 24 sling bullets
Armour
 b - a +0 animal skin (worn)
 e - a +0 robe
Scrolls
 h - a scroll of blinking {unknown}
 i - a scroll of brand weapon {unknown}
Potions
 d - 2 potions of might {unknown}
 k - a potion of lignification {unknown}


   Skills:
 + Level 3.5 Fighting
 + Level 3.1 Axes
 + Level 1.8 Armour
 + Level 1.9 Dodging
 + Level 0.1 Stealth


You had one spell level left.
You didn't know any spells.
Your spell library was empty.

Dungeon Overview and Level Annotations

Branches:
Dungeon (2/15)

Altars:


Innate Abilities, Weirdness & Mutations

You have a pair of small antennae on your head.


Message History

You barely miss the howler monkey skeleton.
The howler monkey skeleton is heavily damaged.
The howler monkey skeleton closely misses you.
You hit the howler monkey skeleton.
The howler monkey skeleton is severely damaged.
The howler monkey skeleton hits you.
You hit the howler monkey skeleton.
The howler monkey skeleton is almost destroyed.
The dart slug bites you.
The howler monkey skeleton hits you but does no damage.
You hit the howler monkey skeleton but do no damage.
The howler monkey skeleton is almost destroyed.
You hit the howler monkey skeleton.
The howler monkey skeleton is almost destroyed.
The howler monkey skeleton misses you. The dart slug bites you.
* * * LOW HITPOINT WARNING * * *
The dart slug launches a dart at you. The slug dart hits you.
* * * LOW HITPOINT WARNING * * *
There is a stone staircase leading up here.
You can't go down here!
You puncture the dart slug!
The dart slug is severely wounded.
The adder hisses angrily.
The howler monkey skeleton barely misses you.
You hit the dart slug.
You kill the dart slug!
Trog accepts your kill.
You hit the adder.
The adder is lightly wounded.
The adder closely misses you.
You hit the adder.
The adder is moderately wounded.
The howler monkey skeleton closely misses you.
The adder bites you.
* * * LOW HITPOINT WARNING * * *
You closely miss the adder.
The adder is moderately wounded.
The adder bites you.
You die...

#.# .# # #.# .#
##.#.###.#
..#).>..# #
#....#..#
#.##.#.....####
#..............
#.....@S.#.#
#.##...Z...#
#.#..####
...#... ###
##.## ..# ###


You could see an adder and a howler monkey skeleton.

Vanquished Creatures
  2 dart slugs
  2 ball pythons (D:1)
  2 endoplasms (D:1)
  2 goblins (D:1)
  2 hobgoblins (D:1)
  A quokka (D:1)
  2 frilled lizards (D:1)
  3 kobolds (D:1)
  3 rats (D:1)
19 creatures vanquished.

Notes
Turn   | Place    | Note
-------+----------+-------------------------------------------
     0 | D:1      | angelsbits the Demonspawn Berserker began the quest for the
                  | Orb.
     0 | D:1      | Reached XP level 1. HP: 18/18 MP: 1/1
   200 | D:1      | Gained mutation: You have a pair of small antennae on your
                  | head. [demonic ancestry]
   200 | D:1      | Reached XP level 2. HP: 6/24 MP: 2/2
  1954 | D:2      | HP: 1/24 [adder (1)]
  1955 | D:2      | Slain by an adder

Illustrated notes

Levels and vault maps discovered:
D:1:      eino_arrival_cavern_a, layout_basic
D:2:      layout_basic

Skill      XL: |  1  2 |
---------------+-------+-----
Axes           | 3 |  3.1
Fighting       | |  3.5
Armour         | |  1.8
Dodging        | |  1.9
Stealth        | |  0.1

Action                   || total
-------------------------++-------
Melee: Hand axe          ||    60
       Short sword       ||    18
 Stab: Sleeping          ||     1
Armor: Animal skin       ||    14
Dodge: Dodged            ||    38

Table legend: (Time is in decaauts)
 A = Elapsed time spent in this place.
 B = Non-inter-level travel time spent in this place.
 C = Inter-level travel time spent in this place.
 D = Time resting spent in this place.
 E = Time spent auto-exploring this place.
 F = Levels seen in this place.
 G = Mean time per level.
                   A        B        C        D        E       F      G
               +--------+--------+--------+--------+--------+-----+--------+
         Total |   1959 |   1672 |    287 |    914 |    585 |   2 |  979.5 |
       Dungeon |   1959 |   1672 |    287 |    914 |    585 |   2 |  979.5 |
               +--------+--------+--------+--------+--------+-----+--------+

Top non-repeatable levels by time:
     D:1: 1942 daAuts
     D:2: 16 daAuts
